 Dungeon Crawl Stone Soup version 0.28.0-53-g5a82cb258f (webtiles) character file.

Game seed: 7929921545763879046

3539 cbfl8 the Cleaver (level 9, 0/79 HPs)
             Began as a Minotaur Berserker on Aug 16, 2022.
             Was a High Priest of Trog.
             Slain by a four-headed hydra (2 damage)
             ... on level 6 of the Dungeon.
             The game lasted 00:13:12 (8791 turns).

cbfl8 the Cleaver (Minotaur Berserker)              Turns: 8791, Time: 00:13:13

Health: 0/79       AC: 10    Str: 22    XL:     9   Next: 82%
Magic:  8/8        EV: 10    Int:  4    God:    Trog [*****.]
Gold:   256        SH:  0    Dex: 14    Spells: 8/8 levels left

rFire   . . .      SeeInvis .   x - +1 war axe
rCold   . . .      Faith    .   (no shield)
rNeg    . . .      Spirit   .   m - +0 chain mail
rPois   .          Reflect  .   (helmet restricted)
rElec   .          Harm     +   E - scarf {harm}
rCorr   .          Rampage  .   (no gloves)
Will    .....                   (no boots)
Stlth   ..........              (no amulet)
HPRegen 0.23/turn               (no ring)
MPRegen 0.11/turn               (no ring)

@: mighty
A: horns 2, retaliatory headbutt
a: Renounce Religion, Berserk, Trog's Hand, Brothers in Arms


You were on level 6 of the Dungeon.
You worshipped Trog.
Trog was extremely pleased with you.
You visited 1 branch of the dungeon, and saw 7 of its levels.
You also visited: Ossuary.

You collected 256 gold pieces.

Inventory:

Hand Weapons
 x - a +1 war axe (weapon)
Missiles
 a - a throwing net (quivered)
Armour
 d - a +0 cloak
 m - a +0 chain mail (worn)
 E - a scarf of harm (worn)
Wands
 y - a wand of paralysis (9)
Scrolls
 b - a scroll of vulnerability {unknown}
 c - 2 scrolls of fog {unknown}
 e - 2 scrolls of amnesia {unknown}
 g - 2 scrolls of immolation {unknown}
 h - 2 scrolls of enchant weapon
 j - 2 scrolls of noise {unknown}
 l - 4 scrolls of identify {unknown}
 p - 2 scrolls of brand weapon {unknown}
 q - a scroll of blinking {unknown}
 t - 3 scrolls of holy word {unknown}
 w - a scroll of magic mapping {unknown}
 A - 2 scrolls of teleportation {unknown}
 C - a scroll of acquirement {unknown}
 D - a scroll of silence {unknown}
Potions
 f - 2 potions of resistance {unknown}
 i - 3 potions of might
 k - 2 potions of mutation {unknown}
 n - 2 potions of berserk rage
 o - 2 potions of heal wounds {unknown}
 r - 3 potions of curing {unknown}
 s - a potion of flight {unknown}
 u - a potion of invisibility {unknown}
 v - a potion of degeneration {unknown}
 z - 2 potions of magic {unknown}
 B - 2 potions of cancellation {unknown}
 F - a potion of attraction {unknown}


   Skills:
 * Level 7.4 Fighting
 * Level 11.7 Axes
 + Level 6.5 Armour
 * Level 5.8 Dodging
 + Level 1.7 Stealth
 * Level 4.5 Evocations


You had 8 spell levels left.
You didn't know any spells.
Your spell library was empty.

Dungeon Overview and Level Annotations

Branches:
Dungeon (7/15)             Temple (0/1) D:6         Ossuary (visited)

Altars:
Yredelemnul
Beogh

Shops:
D:2 :   D:5 (

Annotations:
D:7 Maggie


Innate Abilities, Weirdness & Mutations

You have a pair of horns on your head.
You reflexively headbutt those who attack you in melee.


Message History

You can't go up here!
You climb downwards.
Level annotation: Maggie The killer bee zombie hits you but does no damage.
The centaur zombie hits you but does no damage.
The centaur zombie kicks you but does no damage.
The killer bee zombie hits you but does no damage.
The four-headed hydra bites you but does no damage. x2
The four-headed hydra bites you!
The four-headed hydra completely misses you.
The centaur zombie misses you.
The centaur zombie kicks you but does no damage.
The killer bee zombie hits you but does no damage.
The four-headed hydra bites you! The four-headed hydra bites you.
The four-headed hydra bites you but does no damage.
The four-headed hydra barely misses you.
There is a stone staircase leading up, spattered with blood here.
The killer bee zombie hits you.
The centaur zombie hits you but does no damage.
The centaur zombie barely misses you.
The four-headed hydra completely misses you.
You furiously retaliate!
You headbutt the four-headed hydra.
The four-headed hydra closely misses you.
The four-headed hydra bites you! x2
The killer bee zombie hits you but does no damage.
You climb upwards.
There is a stone staircase leading down here.
As you read the scroll labelled EZILIU EMAS, it crumbles to dust.
It is a scroll of enchant weapon.
Your +0 war axe glows red for a moment.
The four-headed hydra bites you.
* * * LOW HITPOINT WARNING * * *
The four-headed hydra bites you!
* * * LOW HITPOINT WARNING * * *
The four-headed hydra bites you!
* * * LOW HITPOINT WARNING * * *
The four-headed hydra closely misses you.
It was a potion of might.
You feel very mighty all of a sudden. The four-headed hydra bites you.
You die...

####.....................#
.........................#
#..##....................#
#.####...................#
..###....................#
...##....................#
##.#.....................#
#...............†.......##
##..............@.........#
#..............D..........#
..........................#
..........................#
#.........................#
##........................#
#........................#
##.##...........(.........#
#..##.....................#


You could see a four-headed hydra.

Vanquished Creatures
  A kobold demonologist (D:6)
  A troll (D:5)
  Prince Ribbit (D:5)
  A hornet (D:6)
  Eustachio (D:4)
  A water moccasin (D:5)
  Edmund (D:5)
  An orc warrior (D:6)
  A sky beast (D:6)
  3 black bears
  A phantom (D:5)
  A kobold brigand (D:5)
  2 bullfrogs (D:6)
  4 water moccasin zombies (Ossuary)
  3 scorpions
  A water moccasin skeleton (D:6)
  A human zombie (D:6)
  2 jellies
  4 hounds
  A gnoll shaman (D:6)
  3 orc priests
  9 orc wizards
  Jessica (D:2)
  Terence (D:2)
  A human skeleton (D:6)
  3 iguanas
  2 mummies (Ossuary)
  2 hound skeletons
  8 gnolls
  8 adders
  A white imp (D:5)
  An ufetubus (D:6)
  An adder skeleton (D:4)
  6 adder zombies (Ossuary)
  A worm (D:3)
  4 dart slugs
  39 orcs
  10 ball pythons
  2 bats (D:1)
  9 endoplasms
  4 giant cockroaches
  A gnoll zombie (Ossuary)
  8 goblins
  10 hobgoblins
  3 quokkas
  A frilled lizard (D:1)
  3 hobgoblin zombies (Ossuary)
  27 kobolds
  8 kobold zombies (Ossuary)
  3 orc skeletons (D:6)
  7 orc zombies
  6 rats
225 creatures vanquished.

Vanquished Creatures (others)
  10 plants (D:5)
10 creatures vanquished.

Grand Total: 235 creatures vanquished

Notes
Turn   | Place    | Note
-------+----------+-------------------------------------------
     0 | D:1      | cbfl8 the Minotaur Berserker began the quest for the Orb.
     0 | D:1      | Reached XP level 1. HP: 19/19 MP: 0/0
   234 | D:1      | Reached XP level 2. HP: 27/27 MP: 1/1
   237 | D:1      | Reached skill level 4 in Axes
   320 | D:1      | Found a faded altar of an unknown god.
   778 | D:1      | Reached ** piety under Trog
   779 | D:1      | Reached XP level 3. HP: 28/33 MP: 2/2
  1320 | D:2      | Noticed Jessica
  1327 | D:2      | Killed Jessica
  1328 | D:2      | Reached XP level 4. HP: 16/41 MP: 3/3
  1799 | D:2      | Found Tishret's Book Boutique.
  1836 | D:2      | Noticed Terence
  1842 | D:2      | Killed Terence
  1843 | D:2      | Reached skill level 1 in Stealth
  1863 | D:2      | Reached skill level 5 in Axes
  1863 | D:2      | Reached XP level 5. HP: 47/47 MP: 4/4
  3895 | D:4      | Found a basalt altar of Yredelemnul.
  3942 | D:4      | Reached *** piety under Trog
  3943 | D:4      | Reached skill level 5 in Fighting
  3943 | D:4      | Reached XP level 6. HP: 32/56 MP: 5/5
  4202 | D:4      | Reached skill level 6 in Axes
  4295 | D:4      | Noticed Eustachio
  4308 | D:5      | Entered Level 5 of the Dungeon
  4360 | D:5      | Noticed a water moccasin
  4366 | D:5      | Killed a water moccasin
  4392 | D:5      | Noticed Prince Ribbit
  4402 | D:5      | Killed Prince Ribbit
  4403 | D:5      | Reached skill level 7 in Axes
  4403 | D:5      | Reached skill level 1 in Evocations
  4403 | D:5      | Reached XP level 7. HP: 61/61 MP: 6/6
  4585 | D:5      | Noticed Edmund
  4594 | D:5      | Killed Edmund
  4595 | D:5      | Reached skill level 8 in Axes
  4678 | D:5      | Reached XP level 8. HP: 67/70 MP: 7/7
  4746 | D:5      | Reached skill level 5 in Armour
  4982 | D:5      | Noticed a troll
  4994 | D:5      | Killed a troll
  5400 | D:5      | Found Juudworo's Firing Range.
  5693 | D:5      | Reached skill level 9 in Axes
  5693 | D:5      | Reached **** piety under Trog
  5694 | D:5      | Reached skill level 5 in Dodging
  6028 | D:4      | Killed Eustachio
  6231 | D:6      | Found a staircase to the Ecumenical Temple.
  6252 | D:6      | Noticed a hornet
  6282 | D:6      | Reached XP level 9. HP: 46/78 MP: 8/8
  6283 | D:6      | Reached skill level 10 in Axes
  6317 | D:6      | Found a sand-covered staircase.
  6331 | Ossuary  | Entered an ossuary
  6802 | D:6      | Paralysed by a hornet for 2 turns
  7283 | D:6      | Noticed a kobold demonologist
  7287 | D:6      | Noticed an orange demon
  7289 | D:6      | Noticed a hellwing
  7293 | D:6      | Killed a kobold demonologist
  7294 | D:6      | Reached skill level 11 in Axes
  7784 | D:6      | Found a runed translucent door.
  8325 | D:6      | Reached ***** piety under Trog
  8746 | D:6      | Identified the +4 spear "Gamn" {drain, rC++ Dex-4}
  8778 | D:7      | Noticed Maggie
  8778 | D:7      | Noticed a four-headed hydra
  8790 | D:6      | HP: 2/79 [four-headed hydra (9)]
  8791 | D:6      | Slain by a four-headed hydra

Illustrated notes

Levels and vault maps discovered:
D:1:      dpeg_arrival_renting, layout_loops_ring, basic_ecumenical_altar,
          chequers_serial_rivers_micro_d, minmay_misc_feat_roman
D:2:      layout_loops_corners, serial_shops,
          nicolae_shop_temple_entry_statues_fountains, minmay_octomino_e4,
          uniq_terence, uniq_jessica
D:3:      layout_loops_ring
D:4:      layout_rooms, nicolae_overflow_crystal_walls,
          chequers_serial_rivers_micro_a, uniq_eustachio
D:5:      kennysheep_kobold_camp, layout_rooms, nicolae_shop_firing_range,
          uniq_prince_ribbit1, uniq_edmund
D:6:      layout_layer_cave, minmay_temple_entry_large_hall,
          nicolae_ossuary_entry_catacombs, lightli_church_of_beogh
D:7:      layout_rooms, nzn_ghost_randoct, minivault_25,
          uniq_crazy_yiuf_cottage, uniq_maggie, uniq_pikel

Skill      XL: |  1  2  3  4  5  6  7  8  9 |
---------------+----------------------------+-----
Axes           | 4 5 7 8 9 11 | 11.7
Fighting       | 4 5 6 7 |  7.4
Dodging        | 3 4 5 |  5.8
Stealth        | 1 |  1.7
Armour         | 3 4 5 6 |  6.5
Evocations     | 1 2 3 4 |  4.5

Action                   |  1- 3 |  4- 6 |  7- 9 || total
-------------------------+-------+-------+-------++-------
Melee: Hand axe          |    65 |   148 |    41 ||   254
       Headbutt          |    13 |    25 |    51 ||    89
       Punch             |       |     2 |     2 ||     4
       War axe           |       |       |   240 ||   240
Throw: Throwing net      |       |     1 |       ||     1
Invok: Berserk           |     1 |     4 |     4 ||     9
  Use: Scroll            |       |       |     1 ||     1
       Potion            |       |       |     1 ||     1
 Stab: Sleeping          |     2 |       |       ||     2
Armor: Animal skin       |    12 |       |       ||    12
       Ring mail         |     3 |    14 |       ||    17
       Scale mail        |       |    13 |       ||    13
       Chain mail        |       |    27 |   187 ||   214
Dodge: Dodged            |    35 |    65 |   172 ||   272
